 Dungeon Crawl Stone Soup version 0.28-a0-948-gee6e0bcda6 (webtiles) character file.

Game seed: 6557212175569412526

472 Htamos the Grave Robber (level 6, -4/61 HPs)
             Began as a Troll Necromancer on Nov 30, 2021.
             Slain by a water moccasin zombie (5 damage)
             ... on level 6 of the Dungeon.
             The game lasted 00:08:09 (3491 turns).

Htamos the Grave Robber (Troll Necromancer)         Turns: 3491, Time: 00:08:10

Health: -4/61      AC:  5    Str: 23    XL:     6   Next: 83%
Magic:  8/8        EV: 10    Int: 13    God:
Gold:   245        SH:  0    Dex: 10    Spells: 5/9 levels left

rFire   . . .      SeeInvis .     - Unarmed
rCold   . . .      Faith    .   (no shield)
rNeg    . . .      Spirit   .   a - +1 robe
rPois   .          Reflect  .   (helmet restricted)
rElec   .          Harm     .   (no cloak)
rCorr   .          Rampage  .   (gloves unavailable)
Will    .....                   (boots unavailable)
Stlth   ++........              f - amulet of regeneration
HPRegen 1.80/turn               e - +6 ring of strength
MPRegen 0.11/turn               (no ring)

@: lethally poisoned (-4 -> -14)
A: large, unfitting armour, claws 3, regeneration 1, shaggy fur 1, tough skin 1
a: no special abilities


You were on level 6 of the Dungeon.
You visited 1 branch of the dungeon, and saw 6 of its levels.

You collected 245 gold pieces.

Inventory:

Armour
 a - a +1 robe (worn)
Jewellery
 e - a +6 ring of strength (left claw)
 f - an amulet of regeneration (around neck)
Scrolls
 d - a scroll of enchant armour
 h - a scroll of identify {@rr}
Potions
 b - a potion of flight
 c - 3 potions of cancellation
 g - a potion of magic


   Skills:
 * Level 3.0 Fighting
 + Level 0.1 Armour
 + Level 2.7 Dodging
 + Level 1.9 Stealth
 + Level 2.1 Unarmed Combat
 - Level 2.0 Spellcasting
 + Level 4.0 Necromancy


You had 5 spell levels left.
You knew the following spells:

 Your Spells              Type           Power      Damage    Failure   Level
a - Pain                  Necr           44%        1d6       4%          1
b - Vampiric Draining     Necr           11%        2d6       14%         3

Your spell library contained the following spells:

 Spells                   Type           Power      Damage    Failure   Level
 Animate Skeleton         Necr           22%        N/A       4%          1
 Sandblast                Erth           2%         2d4       26%         1
 Passwall                 Tmut/Erth      0%         N/A       36%         2
 Animate Dead             Necr           5%         N/A       43%         4
 Call Canine Familiar     Summ           1%         N/A       58%         3
 Portal Projectile        Hex/Tloc       2%         N/A       58%         3
 Stone Arrow              Conj/Erth      2%         3d7       58%         3
 Agony                    Necr           11%        N/A       80%         5
 Leda's Liquefaction      Hex/Erth       0%         N/A       94%         4


Dungeon Overview and Level Annotations

Branches:
Dungeon (6/15)
 Temple: D:4-7

Altars:
Okawaru
Uskayaw


Innate Abilities, Weirdness & Mutations

You are too large for most types of armour.
You have claws for hands.
Your natural rate of healing is unusually fast.
You are covered in fur. (AC +1)
You have tough skin. (AC +1)


Message History

You feel very sick. The water moccasin bites you.
* * * LOW HITPOINT WARNING * * *
You are more poisoned.
The water moccasin poisons you!
The water moccasin zombie closely misses you.
The water moccasin closely misses you.
You feel much better.
You feel very sick. The water moccasin zombie bites you!
* * * LOW HITPOINT WARNING * * *
The water moccasin bites you but does no damage.
The water moccasin zombie bites you but does no damage.
Okay, then.
You scratch the water moccasin.
The water moccasin is almost dead.
You feel very sick.
The water moccasin bites you but does no damage.
The water moccasin zombie bites you but does no damage.
You barely miss the water moccasin.
The water moccasin is almost dead.
You feel very sick. The water moccasin barely misses you.
The water moccasin zombie bites you.
* * * LOW HITPOINT WARNING * * *
The water moccasin bites you.
* * * LOW HITPOINT WARNING * * *
You barely miss the water moccasin.
The water moccasin is almost dead.
You feel sick. The water moccasin zombie bites you.
* * * LOW HITPOINT WARNING * * *
The water moccasin bites you.
* * * LOW HITPOINT WARNING * * *
You closely miss the water moccasin.
The water moccasin is almost dead.
You feel very sick. The water moccasin bites you.
* * * LOW HITPOINT WARNING * * *
You are lethally poisoned!
The water moccasin poisons you! The water moccasin zombie bites you.
You die...

....... #.....# .
##.....#### .....
#.........##
?.....#.......#... #
................ ...
......##..).o######....#
....o. #...olhS@Z......
...... #.############.)
............#


You could see a water moccasin, a black bear, an iguana, 2 orcs and a water
moccasin zombie.

Vanquished Creatures
  Sigmund (D:2)
  A phantom (D:5)
  A gnoll shaman (D:4)
  2 orc priests
  Terence (D:2)
  Robin (D:4)
  3 gnolls (D:4)
  An adder (D:4)
  A shadow imp (D:5)
  A dart slug (D:4)
  3 orcs
  7 endoplasms
  13 goblins
  8 hobgoblins
  7 jackals
  8 kobolds
  2 quokkas (D:1)
  8 ball pythons
  5 bats
  2 frilled lizards
  5 rats
81 creatures vanquished.

Notes
Turn   | Place    | Note
-------+----------+-------------------------------------------
     0 | D:1      | Htamos the Troll Necromancer began the quest for the Orb.
     0 | D:1      | Reached XP level 1. HP: 16/16 MP: 1/1
   180 | D:1      | Reached XP level 2. HP: 26/26 MP: 2/2
   567 | D:2      | Reached skill level 1 in Fighting
   584 | D:2      | You fall into a shaft and drop 2 floors!
   603 | D:4      | Found an iron altar of Okawaru.
   650 | D:4      | Reached XP level 3. HP: 25/33 MP: 0/4
   854 | D:4      | Reached XP level 4. HP: 17/41 MP: 5/5
   929 | D:4      | Noticed Robin
   946 | D:4      | Reached skill level 1 in Unarmed Combat
   954 | D:4      | Killed Robin
  1188 | D:4      | Identified a scroll of acquirement
  1188 | D:4      | Acquired an amulet of regeneration
  1203 | D:4      | Reached XP level 5. HP: 34/49 MP: 6/6
  2485 | D:2      | Learned a level 3 spell: Vampiric Draining
  2792 | D:2      | Noticed Sigmund
  2802 | D:2      | Noticed Terence
  2831 | D:2      | Killed Sigmund
  2832 | D:2      | Reached XP level 6. HP: 48/59 MP: 7/7
  2844 | D:2      | Killed Terence
  2891 | D:2      | Found a faded altar of an unknown god.
  3106 | D:5      | Entered Level 5 of the Dungeon
  3237 | D:5      | Reached skill level 4 in Necromancy
  3247 | D:5      | Noticed a two-headed ogre
  3445 | D:6      | Found a hide-covered altar of Uskayaw.
  3454 | D:6      | Noticed a water moccasin
  3491 | D:6      | HP: 1/61 [water moccasin (3)]
  3491 | D:6      | Slain by a water moccasin zombie

Illustrated notes

Levels and vault maps discovered:
D:1:      psy_arrival_basics, layout_basic
D:2:      layout_basic, shapermc_ecumenical_altar_ellora, uniq_terence,
          uniq_sigmund
D:3:      layout_loops_cross
D:4:      layout_basic, mainiacjoe_overflow_24_doors, uniq_robin
D:5:      layout_loops_ring, mainiacjoe_overflow_chevrons, marbit_many_paths,
          nicolae_overflow_hidden_temple, minmay_quadrilaterals
D:6:      minmay_general_purpose_star, layout_rooms,
          mainiacjoe_overflow_tiny_flanked, nicolae_qazlal_eye_of_the_storm

Skill      XL: |  1  2  3  4  5  6 |
---------------+-------------------+-----
Fighting       | 1 2 3 |  3.0
Dodging        | 2 |  2.7
Unarmed Combat | 1 2 |  2.1
Spellcasting   | 2 |  2.0
Necromancy     | 4 |  4.0
Armour         | |  0.1
Stealth        | |  1.9

Action                   |  1- 3 |  4- 6 || total
-------------------------+-------+-------++-------
Melee: Unarmed           |    76 |   222 ||   298
       Punch             |     1 |       ||     1
 Cast: Pain              |     5 |     1 ||     6
  Use: Scroll            |       |     6 ||     6
       Potion            |       |     6 ||     6
 Stab: Sleeping          |       |     2 ||     2
Armor: Robe              |    20 |    69 ||    89
Dodge: Dodged            |    41 |   111 ||   152

Table legend: (Time is in decaauts)
 A = Elapsed time spent in this place.
 B = Non-inter-level travel time spent in this place.
 C = Inter-level travel time spent in this place.
 D = Time resting spent in this place.
 E = Time spent auto-exploring this place.
 F = Levels seen in this place.
 G = Mean time per level.
                   A        B        C        D        E       F      G
               +--------+--------+--------+--------+--------+-----+--------+
         Total |   3494 |   3314 |    180 |      1 |   2426 |   6 |  582.3 |
       Dungeon |   3494 |   3314 |    180 |      1 |   2426 |   6 |  582.3 |
               +--------+--------+--------+--------+--------+-----+--------+

Top non-repeatable levels by time:
     D:4: 1086 daAuts
     D:2: 775 daAuts
     D:3: 746 daAuts
     D:1: 503 daAuts
     D:5: 337 daAuts
     D:6: 44 daAuts
